 Dungeon Crawl Stone Soup version 0.27.1-3-gb3d3a73c9e (webtiles) character file.

Game seed: 10779320629060485259

98 Gabide the Charlatan (level 5, -6/37 HPs)
             Began as a Human Artificer on Oct 29, 2021.
             Mangled by a black bear (12 damage)
             ... on level 3 of the Dungeon.
             The game lasted 00:04:20 (3424 turns).

Gabide the Charlatan (Human Artificer)              Turns: 3424, Time: 00:04:21

Health: -6/37      AC:  3    Str: 13    XL:     5   Next: 1%
Magic:  5/5        EV: 11    Int: 11    God:
Gold:   77         SH:  0    Dex: 14    Spells: 4/4 levels left

rFire    . . .     SeeInvis .   j - +0 rapier
rCold    . . .     Faith    .   (no shield)
rNeg     + . .     Spirit   .   b - +0 leather armour
rPois    .         Reflect  .   (no helmet)
rElec    .         Harm     .   (no cloak)
rCorr    .         Rampage  .   (no gloves)
Will     .....                  (no boots)
Stlth    ++........             (no amulet)
HPRegen  0.12/turn              h - ring of positive energy
MPRegen  0.09/turn              (no ring)

@: no status effects
A: no striking features
a: no special abilities


You were on level 3 of the Dungeon.
You visited 1 branch of the dungeon, and saw 3 of its levels.

You collected 77 gold pieces.

Inventory:

Hand Weapons
 j - a +0 rapier (weapon)
Armour
 b - a +0 leather armour (worn)
Jewellery
 h - a ring of positive energy (left hand)
Wands
 c - a wand of flame (4) (quivered)
 d - a wand of charming (15)
Scrolls
 k - 2 scrolls of fog
Potions
 a - a potion of magic {unknown}
 f - 2 potions of resistance {unknown}
 g - 2 potions of curing {unknown}
 i - 3 potions of degeneration {unknown}
 l - a potion of attraction {unknown}
 m - a potion of lignification {unknown}
Miscellaneous
 e - a piece from Xom's chessboard (14/15)


   Skills:
 + Level 1.1 Fighting
 * Level 2.8 Short Blades
 + Level 2.3 Armour
 * Level 1.5 Dodging
 + Level 1.4 Stealth
 + Level 3.5 Evocations


You had 4 spell levels left.
You didn't know any spells.
Your spell library contained the following spells:

 Spells                   Type           Power      Damage    Failure   Level
 Animate Skeleton         Necr           0%         N/A       41%         1
 Magic Dart               Conj           0%         1d3       41%         1
 Pain                     Necr           0%         1d4       41%         1
 Blink                    Tloc           N/A        N/A       56%         2
 Searing Ray              Conj           0%         3d3       56%         2
 Lesser Beckoning         Tloc           0%         N/A       80%         3
 Vampiric Draining        Necr           0%         2d6       80%         3
 Fulminant Prism          Conj/Hex       0%         3d6       99%         4
 Manifold Assault         Tloc           0%         N/A       100%        5


Dungeon Overview and Level Annotations

Branches:
Dungeon (3/15)

Altars:


Message History

Okay, then.
The black bear bites you. The black bear barely misses you.
The black bear claws you but does no damage.
Aiming: Throw Flame
Press: ? - help, Q - select action, (/) - cycle Shift-Dir - straight line That beam is likely to hit you.
Continue anyway?
Okay, then.
Hit: j) +0 rapier
Press: ? - help, Dir - move target, f - black bear
Aim: a black bear (heavily wounded, about 31% to evade your +0 rapier)
You hit the black bear.
The black bear is almost dead.
The black bear bites you but does no damage.
The black bear claws you. x2; The black bear barely misses you.
The black bear claws you but does no damage.
The black bear closely misses you.
Aiming: Throw Flame
Press: ? - help, Q - select action, (/) - cycle Shift-Dir - straight line, f/p - black bear
Aim: a black bear (almost dead, 79% to hit)
That beam is likely to hit you.
Continue anyway?
Okay, then.
You hit the black bear but do no damage.
The black bear is almost dead.
The black bear goes berserk!
You hit the black bear.
The black bear is severely wounded.
The black bear barely misses you. The black bear closely misses you.
The black bear claws you but does no damage.
You puncture the black bear!
The black bear is almost dead.
The black bear bites you.
The black bear claws you but does no damage.
The black bear claws you. The black bear barely misses you.
The black bear claws you.
* * * LOW HITPOINT WARNING * * *
The black bear claws you.
* * * LOW HITPOINT WARNING * * *
You make a move on Xom's chessboard...
The black bear is outlined in light.
The black bear bites you!
You die...

*,****,,,#,*,,,***#.#* #..#
*,**,,,,*#.#*,,,,*#.# #...
*,**,,,,##.##,,,,*#.# ##^.
*,*,,,,+#...#+,,,,#.# ###
*,*#####.....######.#
*,+...............'.#######
*,**#...........###........
*,*,*#.........##,#..######
*,*,,*#...@...##,,#..#
*,*,,,+...h...+,,,#..#
*,*,,*#.......#*,,#..#
*,*,*#..?.#....#*,#..#
*,*,,#..##+##..#,,#..#
*,**,#.#*,,,##.#,*#..#
*,***#+*******+#**#..#
*,,,,,,,,,,,,,,,,,,,,*
*,,,,,,,,,,,,,,,,,,,,*


You could see a black bear (berserk, corona).

Vanquished Creatures
  4 adders
  2 worms (D:3)
  A dart slug (D:3)
  11 bats
  2 endoplasms
  A giant cockroach (D:1)
  4 goblins
  6 hobgoblins
  A jackal (D:1)
  3 quokkas
  6 ball pythons
  3 frilled lizards (D:1)
  5 kobolds
  5 rats
54 creatures vanquished.

Notes
Turn   | Place    | Note
-------+----------+-------------------------------------------
     0 | D:1      | Gabide the Human Artificer began the quest for the Orb.
     0 | D:1      | Reached XP level 1. HP: 15/15 MP: 1/1
   551 | D:1      | Reached XP level 2. HP: 21/21 MP: 2/2
   925 | D:1      | Reached XP level 3. HP: 20/26 MP: 3/3
   929 | D:1      | Reached skill level 1 in Short Blades
  1895 | D:2      | Reached XP level 4. HP: 25/32 MP: 4/4
  3239 | D:3      | Reached XP level 5. HP: 27/37 MP: 5/5
  3411 | D:3      | Noticed a black bear
  3424 | D:3      | Mangled by a black bear

Illustrated notes

Levels and vault maps discovered:
D:1:      minmay_arrival_arboretum_large, layout_basic, kennysheep_another_room,
          minmay_misc_feat_alley, minmay_misc_feat_tiny, minivault_11,
          minmay_split_cup_small
D:2:      layout_basic
D:3:      layout_rooms, kennysheep_big_empty_room, minmay_pentangle

Skill      XL: |  1  2  3 |
---------------+----------+-----
Short Blades   | 2 |  2.8
Fighting       | |  1.1
Armour         | |  2.3
Dodging        | |  1.5
Stealth        | |  1.4
Evocations     | |  3.5

Action                   |  1- 3 |  4- 6 || total
-------------------------+-------+-------++-------
Melee: Club              |     5 |       ||     5
       Rapier            |    84 |    82 ||   166
Evoke: Wand              |     8 |     3 ||    11
       Piece from Xom's  |       |     1 ||     1
  Use: Scroll            |     2 |     2 ||     4
 Stab: Sleeping          |     3 |     2 ||     5
Armor: Leather armour    |    35 |    30 ||    65
Dodge: Dodged            |    69 |    45 ||   114
